Map: Newkirk Precinct TE (Void)

Players

Raze - Winner!

  • Race: Terran Terran
  • Spawn Location: 5:00

HeltEn

  • Race: Terran Terran
  • Spawn Location: 7:00

Event: WCS Austin 2017

VOD

Have the link to the VOD?

Description

Time

  • Played on: April 28, 2017, 3:40 p.m.
  • Length: 9:15

All games in this series

Show
View Real Time Build Order
Export as new Build Order

Raze Terran - Winner!

Build Orders: MMM Bio 

Get SALT Encoding   

  12  0:00  SCV  
  13  0:13  SCV  
  14  0:18  Supply Depot  
  14  0:25  SCV  
  15  0:39  SCV  
  16  0:45  Barracks  
  16  0:47  Refinery  
  16  0:51  SCV  
  17  1:03  SCV  
  18  1:15  SCV  
  19  1:32  Orbital Command  
  19  1:33  Reaper  
  20  1:41  Refinery  
  20  1:44  Barracks  
  20  1:47  Supply Depot  
  20  1:50  Barracks  
  20  1:57  SCV  
  21  2:07  Bunker  
  21  2:10  Reaper  
  21  2:13  SCV  
  23  2:40  SCV  
  24  2:52  Marine, Barracks Tech Lab x2  
  24  2:55  SCV  
  24  2:56  Supply Depot  
  25  3:10  Marine  
  30  3:13  Marauder x2  
  30  3:15  Concussive Shells  
  28  3:21  Supply Depot  
  28  3:28  Marine  
  26  3:42  SCV  
  25  3:49  Marauder  
  25  3:50  Marauder  
  30  3:55  SCV  
  30  4:07  SCV  
  33  4:17  Marauder  
  33  4:19  SCV  
  33  4:21  Marauder  
  34  4:34  SCV  
  35  4:48  Command Center  
  35  4:49  Marine  
  35  4:51  SCV  
  37  4:54  Marine  
  38  5:00  Supply Depot  
  38  5:05  Combat Shields  
  38  5:09  SCV  
  39  5:19  Marine  
  39  5:20  Marine x2  
  39  5:25  SCV  
  37  5:32  Factory  
  37  5:37  SCV  
  37  5:38  Engineering Bay, Marine  
  37  5:41  Stimpack  
  39  5:45  Marine x2  
  41  5:53  SCV  
  41  5:55  Marine  
  43  6:00  Orbital Command  
  43  6:05  SCV  
  43  6:06  Marine x2  
  46  6:14  Missile Turret  
  46  6:19  Missile Turret  
  46  6:21  Marine  
  47  6:30  Starport  
  47  6:33  Factory Reactor  
  47  6:40  Missile Turret, Marine  
  47  6:44  Marine  
  49  6:47  SCV  
  49  6:48  Barracks Reactor  
  49  6:53  Terran Infantry Weapons Level 1  
  51  6:54  SCV  
  51  6:59  SCV  
  51  7:01  Supply Depot  
  52  7:06  SCV  
  52  7:08  Marine x2  
  52  7:16  Medivac  
  52  7:17  Medivac  
  56  7:23  SCV  
  56  7:27  Marine  
  56  7:31  SCV  
  56  7:35  SCV  
  58  7:39  Marine x3  
  61  7:44  SCV  
  61  7:46  Medivac  
  61  7:47  SCV  
  65  7:55  Medivac  
  66  7:58  Siege Tank  
  69  8:05  SCV  
  69  8:11  Marine x2  
  70  8:12  Barracks Reactor  
  70  8:17  SCV x2  
  72  8:21  Supply Depot  
  72  8:30  Siege Tank  
  75  8:36  SCV x2  
  75  8:38  Marine  
  78  8:43  Supply Depot, Marine  
  80  8:48  Marine  
  80  8:50  Marine  
  80  8:53  SCV  
  80  8:54  SCV  
Show
View Real Time Build Order
Export as new Build Order

HeltEn Terran 

Build Orders: Cyclone Opening 

Get SALT Encoding   

  12  0:01  SCV  
  13  0:13  SCV  
  14  0:18  Supply Depot  
  14  0:25  SCV  
  15  0:32  Refinery  
  15  0:44  Barracks  
  15  0:49  SCV  
  16  1:01  SCV  
  16  1:02  Refinery  
  17  1:13  SCV  
  18  1:32  Orbital Command  
  18  1:33  Factory  
  18  1:39  Barracks Reactor  
  18  1:47  Supply Depot  
  18  1:58  SCV  
  19  2:10  SCV  
  20  2:23  Cyclone  
  20  2:24  Cyclone  
  27  2:36  Supply Depot  
  26  2:55  Cyclone  
  26  2:58  Cyclone  
  31  3:02  SCV  
  31  3:04  Supply Depot  
  32  3:25  SCV  
  32  3:37  SCV  
  31  3:46  Starport  
  28  3:49  SCV  
  26  4:01  SCV  
  24  4:13  SCV  
  23  4:25  SCV  
  24  4:38  SCV  
  25  4:50  SCV  
  26  4:57  Starport Tech Lab  
  26  5:02  SCV  
  27  5:08  Bunker  
  28  5:14  SCV  
  28  5:26  SCV  
  26  5:29  Cloaking Field  
  26  5:43  Banshee  
  26  5:44  SCV  
  26  5:45  Factory Tech Lab  
  30  5:57  SCV  
  31  6:10  SCV  
  32  6:15  Command Center  
  32  6:22  SCV  
  33  6:27  Banshee  
  36  6:36  Supply Depot  
  36  6:38  SCV  
  37  6:48  Siege Tank  
  37  6:52  SCV  
  41  7:05  SCV  
  42  7:17  SCV  
  43  7:22  Barracks  
  43  7:25  Siege Tank  
  43  7:29  SCV  
  47  7:41  Starport Reactor  
  47  7:42  Orbital Command  
  47  7:43  SCV  
  48  7:58  SCV  
  48  7:59  Siege Tank  
  48  8:02  Barracks Reactor  
  52  8:10  SCV  
  53  8:13  Barracks  
  53  8:15  SCV  
  54  8:22  Marine  
  55  8:27  Orbital Command  
  55  8:28  Engineering Bay  
  55  8:37  Siege Tank  
  55  8:39  SCV  
  59  8:42  Marine x3  
  62  8:51  SCV  
Tags
 
Add a new tag
Caveats
  • Supply blocks, unpowered buildings, or Contaminate may cause inaccurate times.
  • Supply counts are checked every 10 seconds.